 Dungeon Crawl Stone Soup version 0.18-a0-123-g3323726 (webtiles) character file.

60720 Proton the Unseen (level 14, -2/67 HPs)
             Began as a Spriggan Enchanter on Nov 20, 2015.
             Was the Champion of Ashenzari.
             Killed by divine providence
             ... invoked by an orc priest
              (13 damage)
             ... on level 4 of the Orcish Mines.
             The game lasted 02:13:05 (28132 turns).

Proton the Unseen (Spriggan Enchanter)             Turns: 28132, Time: 02:13:05

Health: -2/67      AC:  9    Str:  6    XL:     14   Next: 58%
Magic:  32/32      EV: 35    Int: 22    God:    Ashenzari [******]
Gold:   2922       SH:  8    Dex: 18    Spells: 8 memorised, 17 levels left

rFire  + . .     SeeInvis +     z - +3 rapier (protect) (curse)
rCold  . . .     Clarity  +     I - +2 robe {rN+} (curse)
rNeg   + + .     SustAt   .     N - +0 buckler {rF+}
rPois  +         Gourm    .     (helmet restricted)
rElec  .         Spirit   .     F - +0 cloak {rPois} (curse)
rCorr  .         Warding  +     (gloves unavailable)
rMut   .         Stasis   .     (boots unavailable)
MR     +++++                    p - amulet of warding
Stlth  ++++++++..               n - +2 ring of dexterity
                                h - ring of protection from magic (curse)

@: very quick, almost entirely resistant to hostile enchantments,
extraordinarily stealthy
A: unfitting armour, antennae 1, repulsion field 2, see invisible, clever 1,
clumsy 1, deformed body, herbivore 3, speed 3, magic resistance 2, slow
metabolism 2, strong 1
a: Scrying, Transfer Knowledge, Renounce Religion


You were on level 4 of the Orcish Mines.
You worshipped Ashenzari.
Ashenzari was exalted by your worship.
You were not hungry.

You visited 4 branches of the dungeon, and saw 25 of its levels.
You also visited: Labyrinth, Sewer, Ossuary, Bailey and Volcano.

You collected 2922 gold pieces.

Inventory:

Hand Weapons
 z - a cursed +3 rapier of protection (weapon)
Armour
 F - a cursed +0 cloak of poison resistance (worn)
 I - a cursed +2 robe of positive energy (worn)
 N - a +0 buckler of fire resistance (worn)
Jewellery
 h - a cursed ring of protection from magic (left hand)
 n - a +2 ring of dexterity (right hand)
 p - an amulet of warding (around neck)
Wands
 a - a wand of teleportation (6)
 l - a wand of disintegration (17)
Scrolls
 c - a scroll of identify
 i - 4 scrolls of magic mapping
 j - 7 scrolls of amnesia
 m - 9 scrolls of teleportation
 o - 3 scrolls of noise
 q - 7 scrolls of enchant armour
 r - a scroll of vulnerability
 v - 3 scrolls of recharging
 x - 4 scrolls of enchant weapon
 y - 7 scrolls of immolation
 C - 5 scrolls of fear
 L - 4 scrolls of fog
 M - 3 scrolls of blinking
 P - 7 scrolls of remove curse
 U - 3 scrolls of silence
Potions
 e - 4 potions of flight
 f - 18 potions of curing
 g - 4 potions of lignification
 k - 5 potions of haste
 s - 2 potions of agility
 t - 5 potions of might
 w - 9 potions of heal wounds
 B - 3 potions of resistance
 G - 3 potions of brilliance
 K - 5 potions of berserk rage
 Y - a potion of cancellation
Books
 A - a book of Power

   Spells                             Type                      Level
   a - Fulminant Prism                Conjuration/Hexes            4
   b - Iskenderun's Mystic Blast      Conjuration                  4
   c - Venom Bolt                     Conjuration/Poison           5
   d - Bolt of Magma                  Conjuration/Fire/Earth       5
   e - Iron Shot                      Conjuration/Earth            6
   f - Orb of Destruction             Conjuration                  7
   g - Spellforged Servitor           Conjuration/Summoning        7
Comestibles
 b - a slice of pizza
 d - 8 bread rations
 E - 43 fruits


   Skills:
 + Level 4.8 Fighting
 - Level 11.6(15.8) Short Blades
 + Level 13.1(15.8) Dodging
 + Level 15.9(18.4) Stealth
 - Level 5.9 Shields
 + Level 13.0 Spellcasting
 + Level 4.5 Conjurations
 + Level 13.0 Hexes
 - Level 3.3 Translocations


You had 17 spell levels left.
You knew the following spells:

 Your Spells              Type           Power        Failure   Level  Hunger
a - Corona                Hex            ######.      1%          1    None
b - Confuse               Hex            ######..     1%          3    None
c - Tukima's Dance        Hex            ######..     1%          3    None
d - Blink                 Tloc           N/A          1%          2    None
e - Repel Missiles        Chrm/Air       ##....       10%         2    None
f - Ozocubu's Armour      Chrm/Ice       ##......     17%         3    None
g - Summon Butterflies    Summ           ##......     6%          1    None
h - Orb of Destruction    Conj           ####......   100%        7    ######.


Dungeon Overview and Level Annotations

Branches:
Dungeon (12/15)            Temple (1/1) D:4            Lair (8/8) D:11
  Swamp (0/4) Lair:6       Spider (0/4) Lair:5        Slime (0/6) Lair:6
    Orc (4/4) D:9             Elf (0/3) Orc:4

Altars:
Ashenzari
Cheibriados
Dithmenos
Elyvilon
Fedhas
Gozag
Kikubaaqudgha
Makhleb
Nemelex Xobeh
Okawaru
Qazlal
Ru
Sif Muna
Trog
Vehumet
Xom
Yredelemnul
Zin
The Shining One
Beogh
Jiyva

Shops:
D:2 *   D:11 :!(!:   Orc:2 (   Orc:4 ?

Annotations:
Orc:4 Maud


Innate Abilities, Weirdness & Mutations

You are tiny and cannot use many weapons and most armour.
You have supernaturally acute eyesight.
You are a herbivore.
You cover ground extremely quickly.
You need consume almost no food.
You have a pair of small antennae on your head.
You are surrounded by a moderate repulsion field (EV +3).
Your mind is acute. (Int +2)
You are clumsy. (Dex -2)
Armour fits poorly on your strangely shaped body.
You are highly resistant to hostile enchantments.
Your muscles are strong. (Str +2)


Message History

Press: ? - help, Shift-Dir - straight line, f - orc warrior
Aim: an orc warrior, wielding a dire flail and wearing a chain mail (severely wounded, chance to defeat MR: 96%)
The dire flail dances into the air!
You feel a bit more experienced.
You feel a bit more experienced.
An orc and Maud come into view.
The orc shouts!
An orc comes into view. It is wielding a club.
An orc and an orc priest come into view.
An orc comes into view. It is wielding a club.
An orc wizard comes into view. It is wielding a dagger.
The orc shouts!
The orc priest invokes the aid of Beogh against you.
Something smites you!
* * * LOW HITPOINT WARNING * * *
The orc shouts!
You block the orc warrior's attack.
The orc priest calls down the wrath of Beogh upon you.
Something smites you!
You die...

* ...#,.#, ,,, *, ,,,, ###
....##.## {,{ #....., ##.##
#.......## { ##.......
#>..####........#####.........
###...#..#......................
##.........#....................o
#................................
...#.............................
...###.)........@.ooo.o..........
..## ##.#....................o...
.## ##...#....o...o.o..........
..#######.........#o.o.o..o......
...##.#..........................
.................................
......#....#...........#.8.8.....
......###.##....†.......[.)......
.....########..........##[''##...


You could see an orc warrior, 3 orc priests and 6 orcs.

Vanquished Creatures
  The ghost of ReteAZ the Grappler, a journeyman TrMo of Ru (Lair:8)
  Nessos (Lair:5)
  Azrael (Orc:4)
  The ghost of haldagan the Spear-Bearer, a journeyman DsGl of Okawaru (Lair:4)
  A minotaur (Lab)
  3 hydras
  Erolcha (D:8)
  2 death yaks
  Sonja (Orc:3)
  2 swamp dragons
  2 unseen horrors
  A lindwurm (Bailey)
  An orc knight (Orc:1)
  The ghost of blinkfrog the Ducker, a novice DsGl of Vehumet (D:5)
  An ugly thing (D:11)
  A wolf spider (Lair:5)
  4 black mambas
  Maurice (D:8)
  6 elephants
  2 centaur zombies
  4 torpor snails (Lair:6)
  20 spiny frogs
  7 komodo dragons
  2 fire drakes
  A jumping spider (Lair:5)
  3 trolls
  2 giant leeches (Lair:6)
  17 blink frogs
  A wind drake (Bailey)
  4 polar bears (Lair:8)
  A boulder beetle (Lair:8)
  A slime creature (D:12)
  2 hogs (Volcano)
  4 fire elementals (Orc:4)
  A trapdoor spider (D:9)
  2 wraiths (Ossuary)
  45 yaks
  2 basilisks
  A golden eye (shapeshifter) (Orc:4)
  5 hippogriffs
  6 wolves (Lair:8)
  4 wargs
  Edmund (D:5)
  A deep elf fighter (Volcano)
  10 swamp worms
  9 porcupines
  Duvessa (D:5)
  15 water moccasins
  6 sky beasts
  15 orc warriors
  A wasp (D:7)
  4 hell hounds
  A black bear (Lair:8)
  8 ogres
  12 centaurs
  A phantom (D:4)
  2 spiders (Lair:5)
  19 crocodiles
  An ice beast (D:5)
  2 necrophages
  13 giant frogs
  4 big kobolds
  A wyvern zombie (D:9)
  3 scorpions
  Dowan (D:5)
  5 killer bees (D:8)
  2 wyvern skeletons
  4 wights
  3 spriggan skeletons (D:9)
  A troll skeleton (D:9)
  5 crimson imps
  8 electric eels
  2 giant frog zombies
  A giant frog skeleton (D:8)
  6 centaur skeletons
  15 orc priests
  4 jellies
  5 hounds
  12 iguanas
  11 worker ants
  33 orc wizards
  A statue (D:6)
  29 sheep
  A hound zombie (D:6)
  A hound skeleton (D:7)
  A mummy (D:7)
  A worker ant zombie (D:5)
  15 gnolls
  18 adders
  39 river rats
  2 shadow imps (D:5)
  3 oozes (Sewer)
  3 adder zombies
  An adder skeleton (D:5)
  13 worms
  147 orcs
  4 ball pythons (Sewer)
  3 giant cockroaches
  6 hobgoblins
  6 jackals
  7 quokkas
  A ball python skeleton (Ossuary)
  12 bats
  7 giant geckos
  2 giant gecko skeletons (D:4)
  6 giant newts
  14 goblins
  A hobgoblin skeleton (Ossuary)
  2 hobgoblin zombies (D:7)
  31 kobolds
  A kobold zombie (Ossuary)
  3 orc skeletons (Ossuary)
  An orc zombie (Ossuary)
  37 rats
  A plant (Lair:1)
837 creatures vanquished.

Vanquished Creatures (collateral kills)
  2 orc high priests
  An orc sorcerer (Bailey)
  3 two-headed ogres
  A warg (D:10)
  A spider (Lair:5)
  An ogre (Orc:4)
  19 orc warriors
  7 orc wizards
  An orc priest (Orc:1)
  2 gnolls (Bailey)
  33 orcs
  5 hobgoblins (Bailey)
  3 kobolds (D:9)
  3 goblins (Bailey)
82 creatures vanquished.

Vanquished Creatures (others)
  3 dancing weapons
  A fungus (Lair:1)
  8 plants
12 creatures vanquished.

Grand Total: 931 creatures vanquished

Notes
Turn   | Place    | Note
--------------------------------------------------------------
     0 | D:1      | Proton the Spriggan Enchanter began the quest for the Orb.
     0 | D:1      | Reached XP level 1. HP: 9/9 MP: 5/5
   290 | D:1      | Reached XP level 2. HP: 10/13 MP: 7/7
   457 | D:1      | Reached skill level 5 in Stealth
   510 | D:1      | You fall through a shaft!
   510 | D:2      | Found Zin's Purification Station.
   510 | D:2      | Found a glowing silver altar of Zin.
   510 | D:2      | Found a stormy altar of Qazlal.
   986 | D:2      | Reached XP level 3. HP: 8/16 MP: 8/8
  1802 | D:2      | Reached XP level 4. HP: 21/21 MP: 10/10
  1895 | D:2      | Reached XP level 5. HP: 11/24 MP: 10/12
  2176 | D:3      | Learned a level 3 spell: Confuse
  2180 | D:3      | Learned a level 3 spell: Tukima's Dance
  2421 | D:3      | Found a glowing drain.
  2430 | Sewer    | Entered a sewer
  2487 | Sewer    | Reached skill level 6 in Stealth
  2571 | Sewer    | Reached XP level 6. HP: 14/28 MP: 13/13
  3086 | Sewer    | Reached skill level 5 in Dodging
  3621 | D:3      | Found a burning altar of Makhleb.
  4277 | D:4      | Reached skill level 5 in Hexes
  4470 | D:4      | Found a staircase to the Ecumenical Temple.
  4476 | Temple   | Entered the Ecumenical Temple
  4578 | D:4      | Reached skill level 5 in Spellcasting
  4578 | D:4      | Reached XP level 7. HP: 32/32 MP: 15/15
  4710 | D:4      | Found a shimmering altar of Xom.
  5104 | D:4      | Reached skill level 7 in Stealth
  5198 | D:5      | Entered Level 5 of the Dungeon
  5200 | D:5      | Noticed Dowan
  5202 | D:5      | Noticed Duvessa
  5465 | D:4      | Reached skill level 1 in Shields
  5615 | D:5      | Noticed blinkfrog's ghost (novice DsGl)
  5640 | D:5      | Noticed Edmund
  5656 | D:5      | Killed Edmund
  5656 | D:5      | Reached XP level 8. HP: 21/36 MP: 17/17
  5834 | D:5      | Killed Dowan
  6025 | D:5      | Reached skill level 8 in Stealth
  6071 | D:5      | Killed blinkfrog's ghost
  6071 | D:5      | Reached skill level 5 in Short Blades
  6357 | D:5      | Killed Duvessa
  6357 | D:5      | Reached XP level 9. HP: 33/39 MP: 20/20
  6573 | D:6      | Reached skill level 9 in Stealth
  6740 | D:6      | Found a basalt altar of Yredelemnul.
  6791 | D:6      | Found a radiant altar of Vehumet.
  7415 | D:7      | Found a shattered altar of Ashenzari.
  7419 | D:7      | Became a worshipper of Ashenzari the Shackled
  7726 | D:7      | Found a shadowy altar of Dithmenos.
  7727 | D:7      | Found a white marble altar of Elyvilon.
  7798 | D:7      | Paralysed by a wasp for 3 turns
  7850 | D:7      | Found a sand-covered staircase.
  7857 | Ossuary  | Entered an ossuary
  8079 | Ossuary  | Reached skill level 10 in Stealth
  8495 | D:8      | Reached * piety under Ashenzari
  9089 | D:8      | Found a flagged portal.
  9098 | Bailey   | Entered a bailey
  9129 | Bailey   | Reached XP level 10. HP: 44/44 MP: 22/22
  9142 | Bailey   | Found an iron altar of Okawaru.
  9142 | Bailey   | Noticed an orc sorcerer
  9142 | Bailey   | Noticed an orc high priest
  9158 | Bailey   | Noticed a sixfirhy
  9160 | Bailey   | Killed an orc high priest
  9163 | Bailey   | Noticed a rust devil
  9163 | Bailey   | Killed an orc sorcerer
  9370 | Bailey   | Identified Ruxiggao's Reference Book on Protection and Dark Secrets
  9394 | Bailey   | Noticed a swamp dragon
  9431 | Bailey   | Noticed a lindwurm
  9436 | Bailey   | Killed a lindwurm
  9438 | Bailey   | Got the broad axe "Zifusim" {flame, rPois rN+ Str-3 Dex+4}
  9496 | Bailey   | Killed a swamp dragon
  9613 | Bailey   | Identified a scroll of acquirement
  9622 | Bailey   | Identified the +3 broad axe "Zifusim" {flame, rPois rN+ Str-3 Dex+4} (You found it in a bailey)
  9675 | Bailey   | Reached skill level 10 in Dodging
  9691 | Bailey   | Reached skill level 11 in Stealth
 10123 | D:8      | Noticed Maurice
 10132 | D:8      | Killed Maurice
 10218 | D:8      | Noticed Erolcha
 10232 | D:8      | Killed Erolcha
 10357 | D:8      | Reached XP level 11. HP: 41/47 MP: 17/24
 10509 | D:8      | Found a glowing golden altar of the Shining One.
 10992 | D:9      | Reached ** piety under Ashenzari
 11016 | D:9      | Found a staircase to the Orcish Mines.
 11815 | D:9      | Found a blossoming altar of Fedhas.
 11877 | D:9      | Reached *** piety under Ashenzari
 12025 | D:9      | Found a shattered altar of Ashenzari.
 12252 | D:10     | Entered Level 10 of the Dungeon
 12421 | D:10     | Noticed an unseen horror
 12440 | D:10     | Killed an unseen horror
 12533 | D:10     | Learned a level 2 spell: Blink
 12536 | D:10     | Learned a level 2 spell: Repel Missiles
 12773 | D:10     | Reached skill level 1 in Fighting
 12960 | D:10     | Reached skill level 5 in Shields
 13003 | D:10     | Reached skill level 12 in Stealth
 13068 | D:10     | Noticed a hill giant
 13392 | D:11     | Gained mutation: Armour fits poorly on your strangely shaped body. [potion of mutation]
 13392 | D:11     | Gained mutation: You evolve. [potion of mutation]
 13392 | D:11     | Gained mutation: You have sharp toenails. [potion of mutation]
 13393 | D:11     | Gained mutation: You are resistant to hostile enchantments. [potion of mutation]
 13393 | D:11     | Lost mutation: Armour fits poorly on your strangely shaped body. [potion of mutation]
 13537 | D:11     | Found a staircase to the Lair.
 13626 | D:11     | Found Utaicysk's Distillery.
 13681 | D:11     | Reached skill level 10 in Hexes
 13710 | D:11     | Found Ucvoiczu's Distillery.
 13794 | D:11     | Gained mutation: Your body sometimes deteriorates upon taking damage. [potion of mutation]
 13794 | D:11     | Gained mutation: Armour fits poorly on your strangely shaped body. [potion of mutation]
 13794 | D:11     | Gained mutation: You are clumsy. (Dex -2) [potion of mutation]
 13800 | D:11     | Found Ganics's Antique Weapon Shop.
 13826 | D:11     | Found Sauhutua's Book Emporium.
 14040 | D:11     | Found Dolu Fooriu's Book Emporium.
 14043 | D:11     | Noticed an unseen horror
 14063 | D:11     | Killed an unseen horror
 14462 | D:12     | Reached skill level 10 in Spellcasting
 14826 | D:12     | Reached **** piety under Ashenzari
 15066 | Lair:1   | Entered Level 1 of the Lair of Beasts
 15072 | Lair:1   | Lost mutation: Your body sometimes deteriorates upon taking damage. [potion of mutation]
 15072 | Lair:1   | Gained mutation: Your muscles are strong. (Str +2) [potion of mutation]
 15072 | Lair:1   | Lost mutation: You have sharp toenails. [potion of mutation]
 15192 | Lair:1   | Reached XP level 12. HP: 56/56 MP: 27/27
 15195 | Lair:1   | Found a labyrinth entrance.
 15257 | Lab      | Entered a labyrinth
 15276 | Lab      | Learned a level 3 spell: Ozocubu's Armour
 15390 | Lab      | Noticed a minotaur
 15642 | Lab      | Killed a minotaur
 15989 | Lair:1   | Gained mutation: You are surrounded by a mild repulsion field (EV +2). [evolution]
 16327 | Lair:1   | Identified the +5 plate armour "Cimaxt" {rPois rCorr Int+4 Stlth+}
 16333 | Lair:1   | Identified the cursed +1 scale mail of Indemnity {*Drain +Fly rCorr Str+4}
 16362 | Lair:1   | Learned a level 1 spell: Summon Butterflies
 16517 | Lair:1   | Reached skill level 13 in Stealth
 16784 | Lair:1   | Reached skill level 1 in Translocations
 16846 | Lair:2   | Reached ***** piety under Ashenzari
 17983 | Lair:3   | Learned a level 7 spell: Orb of Destruction
 18020 | Lair:3   | Noticed a four-headed hydra
 18045 | Lair:3   | Killed a four-headed hydra
 18167 | Lair:3   | Reached skill level 1 in Conjurations
 18186 | Lair:3   | Reached skill level 10 in Short Blades
 18270 | Lair:3   | Noticed a four-headed hydra
 18291 | Lair:3   | Killed a four-headed hydra
 18514 | Lair:4   | Found a dark tunnel.
 18549 | Volcano  | Entered a volcano
 18596 | Volcano  | Reached XP level 13. HP: 59/63 MP: 17/29
 18691 | Volcano  | Gained mutation: You are highly resistant to hostile enchantments. [evolution]
 19015 | Lair:4   | Reached skill level 5 in Fighting
 19015 | Lair:4   | Reached skill level 14 in Stealth
 19416 | Lair:4   | Noticed haldagan's ghost (journeyman DsGl)
 19605 | Lair:4   | Killed haldagan's ghost
 20144 | Lair:5   | Reached ****** piety under Ashenzari
 20199 | Lair:5   | Noticed Nessos
 20202 | Lair:5   | Killed Nessos
 20386 | Lair:5   | Found a hole to the Spider Nest.
 20637 | Lair:5   | Gained mutation: You have a pair of small antennae on your head. [evolution]
 21034 | Lair:6   | Found a snail-covered altar of Cheibriados.
 21436 | Lair:6   | Found a staircase to the Swamp.
 21452 | Lair:6   | Reached skill level 15 in Stealth
 21646 | Lair:6   | Found a viscous altar of Jiyva.
 21646 | Lair:6   | Found a staircase to the Slime Pits.
 22500 | Lair:7   | Reduced skill Fighting to level 5
 22500 | Lair:7   | Reached XP level 14. HP: 40/69 MP: 31/31
 22762 | Lair:7   | Gained mutation: Your mind is acute. (Int +2) [evolution]
 22988 | Lair:8   | Entered Level 8 of the Lair of Beasts
 23229 | Lair:8   | Noticed ReteAZ's ghost (journeyman TrMo)
 23289 | Lair:8   | Killed ReteAZ's ghost
 24550 | Orc:1    | Entered Level 1 of the Orcish Mines
 25046 | Orc:2    | Found Waufu's Antique Weapon Shop.
 25628 | Orc:1    | Gained mutation: You are surrounded by a moderate repulsion field (EV +3). [evolution]
 25628 | Orc:1    | Lost mutation: You evolve. [end of evolution]
 26114 | Orc:4    | Entered Level 4 of the Orcish Mines
 26183 | Orc:4    | Found a bloodstained altar of Trog.
 26234 | Orc:4    | Noticed Azrael
 26995 | Orc:4    | Found a roughly hewn altar of Beogh.
 27424 | Orc:3    | Noticed Sonja
 27465 | Orc:3    | Killed Sonja
 27620 | Orc:4    | Found a roughly hewn altar of Beogh.
 27717 | Orc:4    | Found a staircase to the Elven Halls.
 27838 | Orc:4    | Found a roughly hewn altar of Beogh.
 27857 | Orc:4    | Found Fiw Cou's Magic Scroll Shop.
 27986 | Orc:4    | Killed Azrael
 28112 | Orc:4    | Noticed Maud
 28132 | Orc:4    | Killed from afar by an orc priest

Vault maps used:
D:1:      minmay_arrival_solitary_statue
D:2:      minmay_door_path, overflow_temple_1_default, zin_purify,
          cheibrodos_gnoll_hut
D:3:      lemuel_doored_altar, lightli_sewer_entry_pipes, first_bread,
          hangedman_decor_push
D:4:      kennysheep_little_box, minmay_temple_entry_enclosed_plants
D:5:      uniq_edmund, uniq_duvessa
D:6:      vehumet_statue, yredelemnul_altar_generic
D:7:      gammafunk_temple_overflow_statue, nicolae_ossuary_entry_giza,
          nicolae_ashenzari_panopticon
D:8:      nicolae_tso_swordbearing_angel, enter_bailey_2, uniq_erolcha,
          uniq_maurice
D:9:      kennysheep_mini, nicolae_overflow_crystal_walls, david_orc_2,
          hangedman_tell_no_tales
D:10:     nooodl_orcs_dogs
D:11:     david_lair_generic, serial_shops, nicolae_shop_trees, shop,
          nicolae_shop_behind_doors, shop, shop, grunt_ministairs_6
D:12:     serial_undead, serial_undead_d, serial_undead_f, serial_undead_c,
          serial_undead_a, serial_undead_b, serial_undead_f
Temple:   minmay_temple_bridge_c_8
Lair:1:   lab_entry_generic, minmay_holes, hibernation_bobbens
Lair:2:   beast_lair_carwin_3
Lair:3:   cheibrodos_lair_reptile_den, grunt_megastairs_3, serial_bayou_shore_a
Lair:4:   nicolae_volcano_entry_two_sided, minmay_hedge_maze,
          beast_lair_carwin_11
Lair:5:   spider_nest_entry_funnel_web, uniq_nessos
Lair:6:   minmay_swamp_entry_worms, dpeg_slime_entry_enclosed_altar,
          kennysheep_snail_temple, lemuel_fruit_fields, lemuel_fruit_tree
Lair:7:   worms_lemuel
Lair:8:   grunt_lair_end_beastmaster, hangedman_lair_unloving_vines,
          lemuel_old_faithful, grunt_megastairs_2
Orc:2:    serial_shops, shop
Orc:3:    nicolae_orc_pool_cavern, uniq_sonja
Orc:4:    grunt_orc_community_town_hall, grunt_orc_community_big_house_2,
          grunt_orc_community_big_house_1, grunt_orc_community_house_3,
          grunt_orc_community_house_1, grunt_orc_community_house_1,
          grunt_orc_community_house_1, basic_altar, minmay_orc_temple_a,
          uniq_azrael, uniq_maud
Lab:      labyrinth_watery
Sewer:    sewer_minmay_treatment
Ossuary:  ossuary_due_cavern
Bailey:   bailey_axe_of_yendor_kennysheep, bailey
Volcano:  volcano_village

Action                   |  1- 3 |  4- 6 |  7- 9 | 10-12 | 13-15 || total
-------------------------+-------+-------+-------+-------+-------++-------
Melee: Dagger            |   100 |   267 |   396 |       |       ||   763
       Short sword       |       |       |    67 |    64 |       ||   131
       Rapier            |       |       |       |  1120 |  1798 ||  2918
 Cast: Confuse           |       |     6 |    29 |   111 |   146 ||   292
       Tukima's Dance    |       |     1 |     8 |    41 |    38 ||    88
       Corona            |       |       |     2 |       |       ||     2
       Blink             |       |       |       |     6 |       ||     6
       Summon Butterflie |       |       |       |     1 |       ||     1
       Ozocubu's Armour  |       |       |       |       |     1 ||     1
Invok: Scrying           |       |       |       |     4 |       ||     4
       Transfer Knowledg |       |       |       |       |     1 ||     1
Evoke: Wand              |       |       |       |     1 |     1 ||     2
  Use: Scroll            |     2 |     1 |     5 |    28 |     8 ||    44
       Potion            |       |       |       |    10 |       ||    10
 Stab: Sleeping          |    14 |    17 |    36 |    63 |    85 ||   215
       Confused          |       |       |    17 |    65 |    71 ||   153
       Distracted        |       |       |     1 |     5 |     5 ||    11
       Invisible         |       |       |       |     2 |       ||     2
  Eat: Bread ration      |       |     1 |       |       |     1 ||     2
       Pizza             |       |       |     1 |     2 |       ||     3
       Fruit             |       |       |     1 |       |     5 ||     6
       Royal jelly       |       |       |       |     4 |       ||     4
